TOP OF THE 1ST |
Washington Bats batting - Pitching for Windy City Blues : RHP Douglas Okeyo
|
Pitching: RHP Douglas Okeyo
|
|
Batting: RHB Ty Dec
|
0-0: SINGLE (Groundball, 6S, EV 61.9 MPH) (infield hit)
|
Batting: RHB J.C. Creamer
|
0-0: Ball 1-0: SINGLE (Flyball, 78S, EV 93.8 MPH) Ty Dec to second
|
Batting: LHB Rayshaun Stuart
|
0-0: Ball 1-0: Foul Ball, location: 2F 1-1: Ball 2-1: Foul Ball, location: 2F 2-2: Foul Ball, location: 2F 2-2: Ball 3-2: Strikes out swinging
|
Batting: RHB Hayden Jones
|
0-0: Ball 1-0: Called Strike 1-1: Ball 2-1: TRIPLE (Line Drive, 89XD, EV 107.5 MPH) Ty Dec scores J.C. Creamer scores
|
Pinch Runner at 3rd Logan Laughlin:
|
|
Batting: LHB Joel Bell
|
0-0: Ball 1-0: Ball 2-0: Called Strike 2-1: SINGLE (Groundball, 6MD, EV 98.1 MPH) Logan Laughlin scores
|
Batting: RHB Garon Norgrove
|
0-0: Fly out, F8 (Flyball, 8RD, EV 88.1 MPH)
|
Batting: RHB Darrin Turner
|
0-0: Called Strike Joel Bell is caught stealing 2nd base 2-4
|
Top of the 1st over - 3 runs, 4 hits, 0 errors, 0 left on base; Washington 3 - Windy City 0 |
BOTTOM OF THE 1ST |
Windy City Blues batting - Pitching for Washington Bats : RHP Justin Casey
|
Pitching: RHP Justin Casey
|
|
Batting: RHB Ralph Neben
|
0-0: Ground out 2-3 (Groundball, 2R, EV 68.1 MPH)
|
Batting: LHB Jay Sharpe
|
0-0: Ball 1-0: Swinging Strike 1-1: Called Strike 1-2: Foul Ball, location: 2F 1-2: Strikes out swinging
|
Batting: LHB Cade McCormick
|
0-0: Called Strike 0-1: Swinging Strike 0-2: Strikes out looking
|
Bottom of the 1st over - 0 runs, 0 hits, 0 errors, 0 left on base; Washington 3 - Windy City 0 |
TOP OF THE 2ND |
Washington Bats batting - Pitching for Windy City Blues : RHP Douglas Okeyo
|
Batting: RHB Darrin Turner
|
0-0: Called Strike 0-1: Called Strike 0-2: Foul Ball, location: 2F 0-2: Strikes out swinging
|
Batting: RHB Henry Keddie
|
0-0: Ball 1-0: Foul Ball, location: 2F 1-1: Called Strike 1-2: Strikes out looking
|
Batting: RHB Trever Leach
|
0-0: Ball 1-0: Ball 2-0: Foul Ball, location: 2F 2-1: Fly out, F8 (Flyball, 8LD, EV 90.0 MPH)
|
Top of the 2nd over - 0 runs, 0 hits, 0 errors, 0 left on base; Washington 3 - Windy City 0 |
BOTTOM OF THE 2ND |
Windy City Blues batting - Pitching for Washington Bats : RHP Justin Casey
|
Batting: LHB Nigel Torres
|
0-0: Foul Ball, location: 2F 0-1: Ball 1-1: Called Strike 1-2: Ground out 6-3 (Groundball, 6, EV 76.2 MPH)
|
Batting: RHB Ezekiel Wolfson
|
0-0: Called Strike 0-1: Ball 1-1: Fly out, F8 (Flyball, 8RS, EV 95.6 MPH)
|
Batting: RHB Dulani Cherry
|
0-0: Ball 1-0: Ground out 6-3 (Groundball, 6, EV 108.1 MPH)
|
Bottom of the 2nd over - 0 runs, 0 hits, 0 errors, 0 left on base; Washington 3 - Windy City 0 |
TOP OF THE 3RD |
Washington Bats batting - Pitching for Windy City Blues : RHP Douglas Okeyo
|
Batting: RHB Ty Dec
|
0-0: Called Strike 0-1: Swinging Strike 0-2: Ball 1-2: Fly out, F7 (Flyball, 78M, EV 76.9 MPH)
|
Batting: RHB J.C. Creamer
|
0-0: Foul Ball, location: 2F 0-1: Ball 1-1: Ball 2-1: Ball 3-1: Base on Balls
|
Batting: LHB Rayshaun Stuart
|
0-0: Called Strike 0-1: Foul Ball, location: 2F 0-2: Strikes out swinging
|
Batting: LHB Logan Laughlin
|
0-0: Ball 1-0: Ball 2-0: Fly out, F8 (Flyball, 8RM, EV 87.5 MPH)
|
Top of the 3rd over - 0 runs, 0 hits, 0 errors, 1 left on base; Washington 3 - Windy City 0 |
BOTTOM OF THE 3RD |
Windy City Blues batting - Pitching for Washington Bats : RHP Justin Casey
|
Batting: SHB Erik Gripka
|
0-0: Foul Ball, location: 2F 0-1: Swinging Strike 0-2: Foul Ball, location: 2F 0-2: Ball 1-2: Ball 2-2: Ball 3-2: Foul Ball, location: 2F 3-2: Strikes out swinging
|
Batting: RHB Brad Castro
|
0-0: TRIPLE (Line Drive, 89XD, EV 103.1 MPH)
|
Batting: SHB Brayden Strollo
|
0-0: Called Strike 0-1: Ball 1-1: Foul Ball, location: 2F 1-2: Foul Ball, location: 2F 1-2: Ball 2-2: Strikes out swinging
|
Batting: RHB Ralph Neben
|
0-0: Called Strike 0-1: Swinging Strike 0-2: Ball 1-2: Ball 2-2: Foul Ball, location: 2F 2-2: Ball 3-2: Ground out 6-3 (Groundball, 6, EV 78.1 MPH)
|
Bottom of the 3rd over - 0 runs, 1 hit, 0 errors, 1 left on base; Washington 3 - Windy City 0 |
TOP OF THE 4TH |
Washington Bats batting - Pitching for Windy City Blues : RHP Douglas Okeyo
|
Batting: LHB Joel Bell
|
0-0: Ball 1-0: Swinging Strike 1-1: Called Strike 1-2: Ball 2-2: DOUBLE (Line Drive, 89D, EV 107.5 MPH)
|
Batting: RHB Garon Norgrove
|
0-0: Ball 1-0: Foul Ball, location: 2F 1-1: DOUBLE (Line Drive, 7LM, EV 91.9 MPH) Joel Bell scores
|
Batting: RHB Darrin Turner
|
0-0: Foul Ball, location: 2F 0-1: Swinging Strike 0-2: DOUBLE (Line Drive, 89XD, EV 103.1 MPH) Garon Norgrove scores
|
Batting: RHB Henry Keddie
|
0-0: Called Strike 0-1: Swinging Strike 0-2: Strikes out swinging
|
Batting: RHB Trever Leach
|
0-0: Ball 1-0: Foul Ball, location: 2F 1-1: Foul Ball, location: 2F 1-2: Strikes out swinging
|
Batting: RHB Ty Dec
|
0-0: Called Strike 0-1: Ball 1-1: Ball 2-1: Called Strike 2-2: Ball 3-2: Ground out 1-3 (Groundball, 25, EV 71.2 MPH)
|
Top of the 4th over - 2 runs, 3 hits, 0 errors, 1 left on base; Washington 5 - Windy City 0 |
BOTTOM OF THE 4TH |
Windy City Blues batting - Pitching for Washington Bats : RHP Justin Casey
|
Batting: LHB Jay Sharpe
|
0-0: SINGLE (Line Drive, 6MD, EV 98.8 MPH)
|
Batting: LHB Cade McCormick
|
0-0: Called Strike 0-1: Foul Ball, location: 2F 0-2: Fly out, F9 (Flyball, 9D, EV 95.0 MPH)
|
Batting: LHB Nigel Torres
|
0-0: Foul Ball, location: 2F 0-1: Ball 1-1: SINGLE (Groundball, 34D, EV 107.5 MPH) Jay Sharpe to second
|
Batting: RHB Ezekiel Wolfson
|
0-0: Foul Ball, location: 2F 0-1: 3-RUN HOME RUN (Flyball, 78XD, EV 104.4 MPH), Distance : 405 ft
|
Batting: RHB Dulani Cherry
|
0-0: Ball 1-0: Foul Ball, location: 2F 1-1: Swinging Strike 1-2: Foul Ball, location: 2F 1-2: Ball 2-2: Foul Ball, location: 2F 2-2: Ball 3-2: Base on Balls
|
Batting: SHB Erik Gripka
|
0-0: Called Strike 0-1: SINGLE (Groundball, 6MD, EV 104.4 MPH) Dulani Cherry to second
|
Batting: RHB Brad Castro
|
0-0: Fielders Choice at 2nd, 4-6 (Groundball, 4, EV 85.6 MPH) Dulani Cherry to third
|
Batting: SHB Brayden Strollo
|
0-0: Called Strike 0-1: Ball 1-1: Foul Ball, location: 2F 1-2: Ball 2-2: Ball 3-2: Strikes out swinging
|
Bottom of the 4th over - 3 runs, 4 hits, 0 errors, 2 left on base; Washington 5 - Windy City 3 |
TOP OF THE 5TH |
Washington Bats batting - Pitching for Windy City Blues : RHP Douglas Okeyo
|
Batting: RHB J.C. Creamer
|
0-0: Called Strike 0-1: Ball 1-1: Called Strike 1-2: Ball 2-2: Foul Ball, location: 2F 2-2: Ball 3-2: Strikes out looking
|
Batting: LHB Rayshaun Stuart
|
0-0: Called Strike 0-1: Ball 1-1: Ball 2-1: Fly out, F9 (Flyball, 9, EV 81.2 MPH)
|
Batting: LHB Logan Laughlin
|
0-0: Ball 1-0: Called Strike 1-1: Ball 2-1: SINGLE (Groundball, 4MD, EV 102.5 MPH)
|
Batting: LHB Joel Bell
|
0-0: SINGLE (Groundball, 34D, EV 101.2 MPH) Logan Laughlin to second Runner from 2nd tries for 3rd, SAFE, throw by RF made at trailing runner, OUT! 9-6
|
Top of the 5th over - 0 runs, 2 hits, 0 errors, 1 left on base; Washington 5 - Windy City 3 |
BOTTOM OF THE 5TH |
Windy City Blues batting - Pitching for Washington Bats : RHP Justin Casey
|
Batting: RHB Ralph Neben
|
0-0: Ball 1-0: SINGLE (Groundball, P, EV 90.0 MPH) (infield hit)
|
Batting: LHB Jay Sharpe
|
0-0: Ball 1-0: Ball 2-0: Called Strike 2-1: Ball 3-1: Base on Balls Ralph Neben to second
|
Batting: LHB Cade McCormick
|
0-0: Foul Ball, location: 2F 0-1: Ball 1-1: Swinging Strike 1-2: Grounds into double play, 4-6-3 (Groundball, 4M, EV 105.6 MPH) Ralph Neben to third
|
Batting: LHB Nigel Torres
|
0-0: Swinging Strike 0-1: Swinging Strike 0-2: Ball 1-2: Ball 2-2: Ball 3-2: Fly out, F7 (Flyball, 7, EV 85.6 MPH)
|
Bottom of the 5th over - 0 runs, 1 hit, 0 errors, 1 left on base; Washington 5 - Windy City 3 |
TOP OF THE 6TH |
Washington Bats batting - Pitching for Windy City Blues : RHP Douglas Okeyo
|
Batting: RHB Garon Norgrove
|
0-0: Ball 1-0: Ground out 6-3 (Groundball, 56, EV 103.1 MPH)
|
Batting: RHB Darrin Turner
|
0-0: Called Strike 0-1: Fly out, F5 (Line Drive, 5L, EV 73.1 MPH)
|
Batting: RHB Henry Keddie
|
0-0: Ball 1-0: Called Strike 1-1: Swinging Strike 1-2: Strikes out looking
|
Top of the 6th over - 0 runs, 0 hits, 0 errors, 0 left on base; Washington 5 - Windy City 3 |
BOTTOM OF THE 6TH |
Windy City Blues batting - Pitching for Washington Bats : RHP Justin Casey
|
Pitching: RHP Tommy Pitz
|
|
Batting: RHB Ezekiel Wolfson
|
0-0: Ball 1-0: Ball 2-0: SINGLE (Groundball, 6MD, EV 108.1 MPH)
|
Batting: RHB Dulani Cherry
|
0-0: Ball 1-0: Called Strike 1-1: Called Strike 1-2: Foul Ball, location: 2F 1-2: SINGLE (Line Drive, 6D, EV 106.9 MPH) Ezekiel Wolfson to second
|
Batting: SHB Erik Gripka
|
0-0: Ball 1-0: Sac Bunt to P - play at first, batter OUT! 1-4 Ezekiel Wolfson to third Dulani Cherry to second
|
Batting: RHB Brad Castro
|
0-0: Ball 1-0: Called Strike 1-1: Called Strike 1-2: Foul Ball, location: 2F 1-2: Ball 2-2: Ball 3-2: Fly out, F9 (Line Drive, 9, EV 88.1 MPH) Runner from 3rd tags up, SCORES, no throw by RF
|
Batting: SHB Brayden Strollo
|
0-0: Foul Ball, location: 2F 0-1: Ball 1-1: Called Strike 1-2: Ball 2-2: Foul Ball, location: 2F 2-2: Foul Ball, location: 2F 2-2: Foul Ball, location: 2F 2-2: Strikes out looking
|
Bottom of the 6th over - 1 run, 2 hits, 0 errors, 1 left on base; Washington 5 - Windy City 4 |
TOP OF THE 7TH |
Washington Bats batting - Pitching for Windy City Blues : RHP Douglas Okeyo
|
Pitching: RHP R.V. Weatherby
|
|
Batting: RHB Trever Leach
|
0-0: Foul Ball, location: 2F 0-1: Ball 1-1: SINGLE (Line Drive, 9LS, EV 94.4 MPH)
|
Batting: RHB Ty Dec
|
0-0: Ball 1-0: Called Strike 1-1: Called Strike Trever Leach is caught stealing 2nd base 2-4 1-2: Strikes out swinging
|
Batting: RHB J.C. Creamer
|
0-0: Foul Ball, location: 2F 0-1: Ball 1-1: Ball 2-1: Swinging Strike 2-2: Foul Ball, location: 2F 2-2: Strikes out swinging
|
Top of the 7th over - 0 runs, 1 hit, 0 errors, 0 left on base; Washington 5 - Windy City 4 |
BOTTOM OF THE 7TH |
Windy City Blues batting - Pitching for Washington Bats : RHP Tommy Pitz
|
Batting: RHB Ralph Neben
|
0-0: Called Strike 0-1: Called Strike 0-2: Ball 1-2: Ball 2-2: Strikes out swinging
|
Batting: LHB Jay Sharpe
|
0-0: Ball 1-0: Called Strike 1-1: Ball 2-1: Foul Ball, location: 2F 2-2: Ball 3-2: Strikes out swinging
|
Batting: LHB Cade McCormick
|
0-0: Fly out, F9 (Flyball, 9, EV 76.2 MPH)
|
Bottom of the 7th over - 0 runs, 0 hits, 0 errors, 0 left on base; Washington 5 - Windy City 4 |
TOP OF THE 8TH |
Washington Bats batting - Pitching for Windy City Blues : RHP R.V. Weatherby
|
Batting: LHB Rayshaun Stuart
|
0-0: Ball 1-0: Ball 2-0: Ball 3-0: Base on Balls
|
Batting: LHB Logan Laughlin
|
0-0: Ball 1-0: Ball 2-0: Ball 3-0: Called Strike 3-1: Hit by Pitch Rayshaun Stuart to second
|
Batting: LHB Joel Bell
|
0-0: Called Strike 0-1: SINGLE (Groundball, 6S, EV 59.4 MPH) (infield hit) Rayshaun Stuart to third Logan Laughlin to second
|
Batting: RHB Garon Norgrove
|
0-0: Called Strike 0-1: Ball 1-1: Ball 2-1: Foul Ball, location: 2F 2-2: Strikes out swinging
|
Batting: RHB Darrin Turner
|
0-0: Called Strike 0-1: Foul Ball, location: 2F 0-2: Ball 1-2: Foul Ball, location: 2F 1-2: Strikes out swinging
|
Batting: RHB Henry Keddie
|
0-0: Ball 1-0: Ball 2-0: Called Strike 2-1: Foul Ball, location: 2F 2-2: Foul Ball, location: 2F 2-2: DOUBLE (Line Drive, 9LS, EV 113.1 MPH) Rayshaun Stuart scores Logan Laughlin scores Joel Bell to third Runner from 3rd tries for Home, SAFE, throw by RF to home
|
Pitching: LHP Jamal Johnson
|
|
Batting: RHB Trever Leach
|
0-0: Swinging Strike 0-1: Ball 1-1: Swinging Strike 1-2: SINGLE (Groundball, 3S, EV 68.1 MPH) (infield hit) Henry Keddie to third
|
Batting: RHB Ty Dec
|
0-0: Fielders Choice at 2nd, 6-4 (Groundball, 6, EV 87.5 MPH)
|
Top of the 8th over - 3 runs, 3 hits, 0 errors, 2 left on base; Washington 8 - Windy City 4 |
BOTTOM OF THE 8TH |
Windy City Blues batting - Pitching for Washington Bats : RHP Tommy Pitz
|
Pitching: LHP Isaac Bates
|
|
Batting: LHB Nigel Torres
|
0-0: Ball 1-0: Foul Ball, location: 2F 1-1: Ball 2-1: DOUBLE (Flyball, 8RXD, EV 96.2 MPH)
|
Batting: RHB Ezekiel Wolfson
|
0-0: Swinging Strike 0-1: Called Strike 0-2: Hit by Pitch
|
Batting: RHB Dulani Cherry
|
0-0: Called Strike 0-1: Swinging Strike 0-2: Ball 1-2: SINGLE (Line Drive, 56D, EV 102.5 MPH) Nigel Torres to third Ezekiel Wolfson to second
|
Batting: SHB Erik Gripka
|
0-0: Ball 1-0: Foul Ball, location: 2F 1-1: Swinging Strike 1-2: Strikes out swinging
|
Batting: RHB Brad Castro
|
0-0: Ball 1-0: Called Strike 1-1: Foul Ball, location: 2F 1-2: Ball 2-2: Strikes out looking
|
Batting: SHB Brayden Strollo
|
0-0: Ball 1-0: Ball 2-0: Foul Ball, location: 2F 2-1: Swinging Strike 2-2: Fly out, F8 (Flyball, 8RM, EV 84.4 MPH)
|
Bottom of the 8th over - 0 runs, 2 hits, 0 errors, 3 left on base; Washington 8 - Windy City 4 |
TOP OF THE 9TH |
Washington Bats batting - Pitching for Windy City Blues : LHP Jamal Johnson
|
Batting: RHB J.C. Creamer
|
0-0: Foul Ball, location: 2F 0-1: Ball 1-1: Foul Ball, location: 2F 1-2: Strikes out looking
|
Batting: LHB Rayshaun Stuart
|
0-0: Ball 1-0: Ball 2-0: Called Strike 2-1: Called Strike 2-2: Strikes out swinging
|
Batting: LHB Logan Laughlin
|
0-0: Ball 1-0: Swinging Strike 1-1: Called Strike 1-2: Foul Ball, location: 2F 1-2: Ground out 6-3 (Groundball, 6, EV 84.4 MPH)
|
Top of the 9th over - 0 runs, 0 hits, 0 errors, 0 left on base; Washington 8 - Windy City 4 |
BOTTOM OF THE 9TH |
Windy City Blues batting - Pitching for Washington Bats : LHP Isaac Bates
|
Batting: RHB Ralph Neben
|
0-0: Ball 1-0: Called Strike 1-1: Called Strike 1-2: Ball 2-2: Foul Ball, location: 2F 2-2: Fly out, F7 (Line Drive, 7, EV 103.1 MPH)
|
Batting: LHB Jay Sharpe
|
0-0: Called Strike 0-1: Foul Ball, location: 2F 0-2: Ball 1-2: Fly out, F8 (Line Drive, 8RM, EV 95.6 MPH)
|
Batting: LHB Cade McCormick
|
0-0: Foul Ball, location: 2F 0-1: Ball 1-1: Swinging Strike 1-2: Ball 2-2: Ground out 4-3 (Groundball, 4, EV 102.5 MPH)
|
Bottom of the 9th over - 0 runs, 0 hits, 0 errors, 0 left on base; Washington 8 - Windy City 4 |
|